 Dungeon Crawl Stone Soup version 0.25.0-15-gac7dcb8919 (webtiles) character file.

Game seed: 10776132974793464353

166473 protoss039 the Sorcerer (level 17, -48/122 HPs)
             Began as a Deep Elf Earth Elementalist on June 29, 2020.
             Was the Champion of Vehumet.
             Killed from afar by a deep elf annihilator (82 damage)
             ... with a crystal spear
             ... on level 3 of the Elven Halls.
             The game lasted 02:54:09 (35390 turns).

protoss039 the Sorcerer (DEEE)                     Turns: 35390, Time: 02:54:10

Health: -48/122    AC: 33    Str: 14    XL:     17   Next: 29%
Magic:  4/46       EV: 13    Int: 30    God:    Vehumet [******]
Gold:   2310       SH:  6    Dex: 17    Spells: 10/62 levels left

rFire    + . .     SeeInvis +   l - +5 war axe "Goydghoq" {vorpal, Str+4 Int+2 Stlth+}
rCold    + + .     Gourm    .   E - +0 buckler "Teadus Camm" {+Blink rC+ Dex+2 SInv}
rNeg     + . .     Faith    .   (armour currently unavailable)
rPois    ∞         Spirit   .   B - +0 helmet of the Ancient Blessings {Str+5}
rElec    +         Reflect  .   U - +2 cloak
rCorr    +         Harm     .   (gloves currently unavailable)
MR       ++...                  (boots currently unavailable)
Stlth    +++.......             c - amulet of magic regeneration
HPRegen  0.30/turn              m - ring of resist corrosion
MPRegen  0.55/turn              h - ring of protection from magic

@: mighty, brilliant, statue-form, resistant, stab, very slightly contaminated,
invisible, very slow
A: no striking features
a: End Transformation, Renounce Religion, Evoke Blink


You were on level 3 of the Elven Halls.
You worshipped Vehumet.
Vehumet was exalted by your worship.
You were not hungry.
You were a stone statue.
You visited 6 branches of the dungeon, and saw 28 of its levels.
You also visited: Bailey and Ice Cave.

You collected 2794 gold pieces.
You spent 484 gold pieces at shops.

Inventory:

Hand Weapons
 l - the +5 war axe "Goydghoq" (weapon) {vorpal, Str+4 Int+2 Stlth+}
   (You found it on level 4 of the Dungeon)

   It inflicts extra damage upon your enemies.
   It affects your strength (+4).
   It affects your intelligence (+2).
   It makes you more stealthy.
 D - the +3 hunting sling of the Slime-mould {freeze, rElec Int+8 Dex-2}
   (You took it off a kobold in a bailey)

   It causes projectiles fired from it to freeze those they strike, causing
   extra injury to most foes and up to half again as much damage against
   particularly susceptible opponents.
   They can also slow down cold-blooded creatures.
   It affects your intelligence (+8).
   It affects your dexterity (-2).
   It insulates you from electricity.
 N - the +7 mace of Uffeg {elec, rF+}
   (You found it on level 12 of the Dungeon)

   Occasionally, upon striking a foe, it will discharge some electrical energy
   and cause terrible harm.
   It protects you from fire.
Missiles
 b - 749 stones (quivered)
Armour
 n - a +0 scale mail of magic resistance (melded)
 w - a +0 pair of boots (melded)
 y - a +2 robe of cold resistance
 B - the +0 helmet of the Ancient Blessings (worn) {Str+5}
   (You acquired it on level 1 of the Elven Halls)

   It affects your strength (+5).
 E - the +0 buckler "Teadus Camm" (worn) {+Blink rC+ Dex+2 SInv}
   (You bought it in a shop on level 15 of the Dungeon)

   It affects your dexterity (+2).
   It protects you from cold.
   It lets you see invisible.
   It lets you blink.
 O - a +2 robe of fire resistance
 R - a +1 pair of gloves (melded)
 U - a +2 cloak (worn)
Jewellery
 a - an uncursed amulet of regeneration
 c - an amulet of magic regeneration (around neck)
 h - a ring of protection from magic (right hand)
 i - an uncursed ring of flight
 m - a ring of resist corrosion (left hand)
 q - a +6 ring of intelligence
Wands
 p - a wand of paralysis (9)
 u - a wand of iceblast (48)
 G - a wand of flame (65)
 H - a wand of disintegration (20)
 I - a wand of acid (31)
 J - a wand of polymorph (47)
Scrolls
 e - 2 scrolls of fear
 g - 20 scrolls of remove curse
 j - 7 scrolls of teleportation
 k - 6 scrolls of amnesia
 v - 2 scrolls of enchant weapon
 F - 2 scrolls of magic mapping
 K - a scroll of fog
 L - 7 scrolls of identify
Potions
 f - 5 potions of flight
 o - 6 potions of resistance
 r - a potion of lignification
 t - 6 potions of curing
 x - 8 potions of might
 z - a potion of magic
 A - 2 potions of cancellation
 C - 5 potions of brilliance
 M - a potion of haste
 P - 2 potions of stabbing
 S - a potion of invisibility
Miscellaneous
 T - 2 boxes of beasts
Comestibles
 d - 49 rations
 Q - 4 chunks of flesh


   Skills:
 * Level 6.5 Fighting
 * Level 5.6 Axes
 * Level 3.1 Armour
 - Level 2.4 Dodging
 - Level 2.4 Stealth
 * Level 5.6 Shields
 * Level 23.3 Spellcasting
 + Level 7.4 Conjurations
 + Level 9.1 Hexes
 + Level 3.3 Transmutations
 + Level 0.4 Fire Magic
 + Level 6.4 Air Magic
 * Level 18.5 Earth Magic
 + Level 0.9 Evocations


You had 10 spell levels left.
You knew the following spells:

 Your Spells              Type           Power        Failure   Level  Hunger
a - Sandblast             Erth           ######       0%          1    None
b - Passwall              Tmut/Erth      ########     0%          2    None
c - Stone Arrow           Conj/Erth      ######       0%          3    None
d - Petrify               Tmut/Erth      ########     1%          4    None
e - Lee's Rapid Deconstr  Erth           ########..   0%          5    None
f - Slow                  Hex            #######.     1%          2    None
g - Cause Fear            Hex            #######...   1%          4    None
h - Lightning Bolt        Conj/Air       #######...   1%          5    None
i - Statue Form           Tmut/Erth      ########.    1%          6    None
j - Iron Shot             Conj/Erth      ########..   1%          6    None
k - Starburst             Conj/Fire      ######....   7%          6    None
l - Lehudib's Crystal Sp  Conj/Erth      ########..   8%          8    None

Your spell library contained the following spells:

 Spells                   Type           Power        Failure   Level  Hunger
 Apportation              Tloc           ######       1%          1    None
 Beastly Appendage        Tmut           ######       1%          1    None
 Corona                   Hex            #######      1%          1    None
 Infusion                 Chrm           ####         1%          1    None
 Magic Dart               Conj           ####         1%          1    None
 Summon Butterflies       Summ           ######..     1%          1    None
 Summon Small Mammal      Summ           ####         1%          1    None
 Call Imp                 Summ           ######..     1%          2    None
 Searing Ray              Conj           ######       1%          2    None
 Shroud of Golubria       Chrm/Tloc      ######       1%          2    None
 Song of Slaying          Chrm           ######..     1%          2    None
 Sticks to Snakes         Tmut           ######..     1%          2    None
 Confusing Touch          Hex            #######.     1%          3    None
 Dazzling Flash           Conj/Hex       ######       1%          3    None
 Inner Flame              Hex/Fire       #######.     1%          3    None
 Portal Projectile        Hex/Tloc       ######       1%          3    None
 Spectral Weapon          Hex/Chrm       #######.     1%          3    None
 Spider Form              Tmut/Pois      ######....   1%          3    None
 Summon Guardian Golem    Hex/Summ       #######.     1%          3    None
 Tukima's Dance           Hex            #######.     1%          3    None
 Fulminant Prism          Conj/Hex       #######...   1%          4    None
 Iskenderun's Mystic Bla  Conj/Tloc      ######..     1%          4    None
 Leda's Liquefaction      Hex/Erth       ########..   1%          4    None
 Silence                  Hex/Air        #######...   1%          5    None
 Yara's Violent Unravell  Hex/Tmut       #######...   1%          5    None
 Call Canine Familiar     Summ           ######..     2%          3    None
 Gell's Gravitas          Tloc           ######....   2%          3    None
 Lesser Beckoning         Tloc           ######....   2%          3    None
 Ozocubu's Armour         Chrm/Ice       ######..     2%          3    None
 Summon Lightning Spire   Summ/Air       ######..     2%          4    None
 Metabolic Englaciation   Hex/Ice        #######...   3%          5    None
 Invisibility             Hex            #######.     3%          6    None
 Ice Form                 Ice/Tmut       ######..     4%          4    None
 Blade Hands              Tmut           ######....   6%          5    None
 Summon Ice Beast         Ice/Summ       ######..     9%          4    None
 Alistair's Intoxication  Tmut/Pois      ######..     13%         5    None
 Discord                  Hex            #######...   80%         8    None
 Tornado                  Air            #######...   100%        9    None


Dungeon Overview and Level Annotations

Branches:
Dungeon (15/15)            Temple (1/1) D:5            Lair (6/6) D:8
 Shoals (1/4) Lair:3        Snake (0/4) Lair:3        Slime (0/5) Lair:5
    Orc (2/2) D:10            Elf (3/3) Orc:2        Vaults (0/5) D:14
 Depths (0/5) D:15         Bailey (visited)           IceCv (visited)

Altars:
Ashenzari
Cheibriados
Dithmenos
Elyvilon
Fedhas
Gozag
Hepliaklqana
Kikubaaqudgha
Makhleb
Nemelex Xobeh
Okawaru
Qazlal
Ru
Sif Muna
Trog
Uskayaw
Vehumet
Wu Jian
Xom
Yredelemnul
Zin
The Shining One
Beogh

Shops:
D:15 [   Orc:2 [%*:

Portals:
Hell: Lair:6
Trove: D:12 (show slimy rune of Zot)

Annotations:
D:5 Pikel
D:12 1 exclusion, Frances
D:14 1 runed translucent door
Orc:1 1 runed translucent door, esran's ghost, journeyman TrFi


Message History

Press: ? - help, Shift-Dir - straight line, f - deep elf annihilator
Aim: a deep elf annihilator, wielding a +0 long sword and wearing a +0 chain mail (moderately wounded)
You feel a surge of power!
The iron shot misses the deep elf annihilator.
The deep elf annihilator points at you and mumbles some strange words.
The poison arrow hits you.
* * * LOW HITPOINT WARNING * * *
The deep elf annihilator mumbles some strange words.
The deep elf annihilator blinks!
Unknown command.
You slice the deep elf annihilator!!
The deep elf annihilator is severely wounded.
The deep elf annihilator gestures wildly while chanting.
The deep elf annihilator blinks!
The deep elf annihilator casts a spell.
The deep elf annihilator blinks!
The deep elf annihilator casts a spell at you.
The crystal spear hits you!!!!
Ouch! That really hurt!
You die...

####
##$$##?$##
$$$ee[)8/#
§$§))$)§?#
##)(##$$##
## ####


You could see 2 deep elf annihilators.

Vanquished Creatures
  An orc warlord (Elf:3)
  A frost giant (IceCv)
  A deep elf annihilator (Elf:3)
  A deep elf death mage (Elf:1)
  An ogre mage (Orc:1)
  A deep elf high priest (Elf:1)
  A great orb of eyes (D:15)
  A catoblepas (D:14)
  5 hydras
  2 centaur warriors
  14 two-headed ogres
  A tengu warrior (D:13)
  27 dancing weapons
  A death yak (Lair:6)
  A death knight (D:13)
  An orc high priest (Elf:3)
  Sonja (D:12)
  A sixfirhy (Lair:6)
  17 deep elf knights
  4 unseen horrors
  A skeletal warrior (D:13)
  2 wizards
  11 deep elf archers
  10 orc knights
  A wolf spider (D:15)
  9 oklob plants
  8 orc sorcerers (Orc:2)
  11 elephants
  16 ugly things
  48 deep elf magi
  5 fauns (Shoals:1)
  2 cyclopes
  5 manticores
  A centaur zombie (D:15)
  An orange demon (Lair:6)
  2 ice statues (IceCv)
  A molten gargoyle (Lair:1)
  2 merfolk sirens (Shoals:1)
  Psyche (D:10)
  2 torpor snails
  A smoke demon (Lair:6)
  Maggie (D:6)
  A gargoyle (D:12)
  15 spiny frogs
  7 black mambas
  A kobold demonologist (D:13)
  8 rime drakes
  4 yaktaurs
  A yaktaur (shapeshifter) (D:13)
  7 komodo dragons
  A freezing wraith (D:13)
  5 ice devils
  2 red devils (Lair:6)
  A redback zombie (D:14)
  3 meliai (D:15)
  A tengu conjurer (D:13)
  5 trolls
  15 polar bears
  3 blink frogs (Lair:3)
  9 dream sheep
  A meliai zombie (D:14)
  2 hornets
  18 hippogriffs
  Sigmund (D:3)
  3 air elementals
  6 wraiths
  A shadow (D:14)
  A vampire (D:15)
  2 water elementals (Elf:1)
  3 fire elementals
  13 wyverns
  45 yaks
  A steam dragon (D:8)
  A hog (shapeshifter) (Elf:1)
  13 basilisks
  12 wargs
  3 hungry ghosts
  4 vampire mosquitoes (D:15)
  An acid dragon (D:14)
  A naga (Lair:3)
  11 water moccasins
  3 hell hounds (Lair:6)
  8 porcupines
  21 orc warriors
  4 ice beasts
  3 sky beasts
  3 slaves
  2 black bears
  4 phantoms
  15 ogres
  An eye of draining (D:10)
  15 centaurs
  33 wolves
  16 crocodiles
  6 big kobolds
  12 bullfrogs
  7 earth elementals
  A gnoll sergeant (D:7)
  2 scorpions
  3 killer bees (D:8)
  10 wights
  A vampire bat (Orc:2)
  2 howler monkeys (D:13)
  2 electric eels
  4 crimson imps
  2 bullfrog zombies
  8 hounds
  A quasit (D:10)
  3 jellies
  11 orc priests
  Crazy Yiuf (D:7)
  5 centaur skeletons
  2 iguanas
  36 orc wizards
  11 worker ants
  A hound zombie (D:7)
  3 hound skeletons
  2 worker ant zombies
  Robin (D:3)
  12 adders
  15 gnolls
  6 shadow imps
  An ooze (D:2)
  An adder zombie (D:9)
  3 worms
  A dart slug (D:2)
  7 leopard geckos
  100 orcs
  2 ball pythons
  5 giant cockroaches
  19 goblins
  12 hobgoblins
  9 jackals
  6 quokkas
  16 bats
  8 frilled lizards
  38 kobolds
  8 rats
  7 fungi
  2 plants
999 creatures vanquished.

Vanquished Creatures (others)
  A human (D:9)
  An orc (Orc:2)
  11 fungi (Lair:6)
  9 plants
  2 withered plants (Orc:1)
24 creatures vanquished.

Grand Total: 1023 creatures vanquished

Notes
Turn   | Place    | Note
-------+----------+-------------------------------------------
     0 | D:1      | protoss039 the Deep Elf Earth Elementalist began the quest
                  | for the Orb.
     0 | D:1      | Reached XP level 1. HP: 10/10 MP: 6/6
   263 | D:1      | Reached XP level 2. HP: 8/15 MP: 5/8
   935 | D:2      | Learned a level 2 spell: Passwall
  1213 | D:2      | Reached XP level 3. HP: 19/19 MP: 8/10
  1284 | D:2      | Reached skill level 4 in Spellcasting
  1533 | D:2      | Reached XP level 4. HP: 17/24 MP: 12/12
  1749 | D:2      | Found a glowing golden altar of the Shining One.
  1864 | D:3      | Found an opulent altar of Gozag.
  1995 | D:3      | Noticed an ogre
  2003 | D:3      | Learned a level 3 spell: Stone Arrow
  2010 | D:3      | Killed an ogre
  2010 | D:3      | Reached skill level 5 in Spellcasting
  2010 | D:3      | Reached skill level 5 in Earth Magic
  2010 | D:3      | Reached XP level 5. HP: 28/28 MP: 8/15
  2591 | D:3      | Reached skill level 6 in Spellcasting
  2768 | D:3      | Noticed Robin
  2784 | D:3      | Killed Robin
  2912 | D:3      | Found an ancient bone altar of Kikubaaqudgha.
  3402 | D:3      | Noticed Sigmund
  3441 | D:3      | Killed Sigmund
  3441 | D:3      | Reached skill level 7 in Spellcasting
  3441 | D:3      | Reached skill level 1 in Conjurations
  3441 | D:3      | Reached XP level 6. HP: 32/32 MP: 1/18
  3565 | D:3      | Found a hide-covered altar of Uskayaw.
  3746 | D:4      | Found an iron altar of Okawaru.
  3844 | D:4      | Found a basalt altar of Yredelemnul.
  3848 | D:4      | Reached XP level 7. HP: 36/36 MP: 9/19
  4738 | D:5      | Entered Level 5 of the Dungeon
  4738 | D:5      | Noticed Pikel
  4913 | D:5      | Reached skill level 8 in Spellcasting
  5167 | D:5      | Found a staircase to the Ecumenical Temple.
  5238 | Temple   | Entered the Ecumenical Temple
  5249 | Temple   | Became a worshipper of Vehumet
  5326 | D:5      | Learned a level 4 spell: Petrify
  5332 | D:5      | Learned a level 5 spell: Lee's Rapid Deconstruction
  5335 | D:5      | Learned a level 2 spell: Slow
  5340 | D:5      | Learned a level 4 spell: Cause Fear
  5449 | D:5      | Found a snail-covered altar of Cheibriados.
  6186 | D:6      | Noticed Maggie
  6212 | D:6      | Killed Maggie
  6212 | D:6      | Reached skill level 9 in Spellcasting
  6212 | D:6      | Reached XP level 8. HP: 41/41 MP: 2/23
  6493 | D:6      | Reached skill level 10 in Spellcasting
  6803 | D:6      | Reached * piety under Vehumet
  6803 | D:6      | Offered knowledge of Shock by Vehumet.
  7062 | D:4      | Got a bloodstained war axe
  7063 | D:4      | Identified the +5 war axe "Goydghoq" {vorpal, Str+4 Int+2
                  | Stlth+} (You found it on level 4 of the Dungeon)
  7123 | D:7      | Reached skill level 11 in Spellcasting
  7257 | D:7      | Found a hazy altar of Hepliaklqana.
  7264 | D:7      | Reached XP level 9. HP: 37/45 MP: 15/26
  7632 | D:7      | Reached skill level 12 in Spellcasting
  7660 | D:7      | Found a blossoming altar of Fedhas.
  7987 | D:7      | Found a runed translucent door.
  7988 | D:7      | Noticed Crazy Yiuf
  8049 | D:7      | Killed Crazy Yiuf
  8110 | D:8      | Found a staircase to the Lair.
  8110 | D:8      | Noticed an elephant
  8130 | D:8      | Reached skill level 10 in Earth Magic
  8131 | D:8      | Killed an elephant
  8131 | D:8      | Reached ** piety under Vehumet
  8131 | D:8      | Offered knowledge of Magic Dart by Vehumet.
  8131 | D:8      | Reached skill level 13 in Spellcasting
  8345 | D:8      | Reached XP level 10. HP: 50/50 MP: 22/29
  9099 | D:9      | Noticed a green ugly thing
  9113 | D:9      | Noticed a two-headed ogre
  9118 | D:9      | Killed a two-headed ogre
  9118 | D:9      | Reached skill level 14 in Spellcasting
  9268 | D:9      | Found a flagged portal.
  9273 | D:9      | Offered knowledge of Frozen Ramparts by Vehumet.
  9342 | Bailey   | Entered a bailey
  9348 | Bailey   | Noticed an orc knight
  9348 | Bailey   | Noticed an orc knight
  9356 | Bailey   | Noticed an orc knight
  9367 | Bailey   | Killed an orc knight
  9368 | Bailey   | Identified the +3 hunting sling of the Slime-mould {freeze,
                  | rElec Int+8 Dex-2}
  9418 | Bailey   | Reached *** piety under Vehumet
  9433 | Bailey   | Noticed an orc knight
  9473 | Bailey   | Killed an orc knight
  9608 | Bailey   | Killed an orc knight
  9689 | Bailey   | Killed an orc knight
  9689 | Bailey   | Reached skill level 15 in Spellcasting
 10178 | D:9      | Offered knowledge of Hailstorm by Vehumet.
 10178 | D:9      | Reached XP level 11. HP: 54/54 MP: 18/32
 10205 | D:9      | Noticed a three-headed hydra
 10207 | D:9      | Killed a three-headed hydra
 10276 | D:9      | Found an ancient bone altar of Kikubaaqudgha.
 10313 | D:9      | Killed a green ugly thing
 10673 | D:10     | Entered Level 10 of the Dungeon
 10749 | D:10     | Found a staircase to the Orcish Mines.
 10762 | D:10     | Reached skill level 16 in Spellcasting
 10988 | D:10     | Noticed Psyche
 10996 | D:10     | Killed Psyche
 11001 | D:10     | Reached **** piety under Vehumet
 11301 | D:10     | Noticed a two-headed ogre
 11305 | D:10     | Killed a two-headed ogre
 11507 | D:10     | Offered knowledge of Lightning Bolt by Vehumet.
 11556 | D:10     | Learned a level 5 spell: Lightning Bolt
 11969 | D:11     | Killed an unseen horror
 12148 | D:11     | Noticed a two-headed ogre
 12151 | D:11     | Killed a two-headed ogre
 12151 | D:11     | Reached skill level 17 in Spellcasting
 12151 | D:11     | Reached skill level 5 in Conjurations
 12444 | D:11     | Found a shattered altar of Ashenzari.
 12930 | D:12     | Noticed a green ugly thing
 12933 | D:12     | Noticed a deep elf mage
 12935 | D:12     | Killed a green ugly thing
 12938 | D:12     | Reached XP level 12. HP: 59/59 MP: 17/35
 13227 | D:12     | Noticed Frances
 13336 | D:12     | Got a jewelled mace
 13337 | D:12     | Identified the +7 mace of Uffeg {elec, rF+} (You found it
                  | on level 12 of the Dungeon)
 13527 | D:12     | Noticed Sonja
 13645 | D:12     | Killed Sonja
 13777 | D:12     | Found a portal to a secret trove of treasure.
 13883 | D:13     | Identified the Compendium of Feathers and Earth
 13941 | D:13     | Learned a level 6 spell: Statue Form
 13963 | D:13     | Noticed a centaur warrior
 13966 | D:13     | Killed a centaur warrior
 13974 | D:13     | Reached skill level 18 in Spellcasting
 14124 | D:13     | Reached ***** piety under Vehumet
 14131 | D:13     | Offered knowledge of Orb of Destruction by Vehumet.
 14294 | D:13     | Noticed a tengu warrior
 14297 | D:13     | Killed a tengu warrior
 14297 | D:13     | Reached skill level 1 in Hexes
 14297 | D:13     | Reached skill level 1 in Air Magic
 14299 | D:13     | Noticed a two-headed ogre
 14322 | D:13     | Killed a two-headed ogre
 14322 | D:13     | Reached skill level 1 in Fighting
 14473 | D:13     | Noticed a death knight
 15129 | D:14     | Found a gate to the Vaults.
 15142 | D:14     | Found a frozen archway.
 15145 | D:14     | Reached skill level 19 in Spellcasting
 15216 | IceCv    | Entered an ice cave
 15217 | IceCv    | Reached XP level 13. HP: 66/66 MP: 35/38
 15352 | IceCv    | Reached skill level 15 in Earth Magic
 15477 | IceCv    | Noticed a frost giant
 15496 | IceCv    | Killed a frost giant
 15998 | D:14     | Reached skill level 5 in Hexes
 16072 | D:14     | Offered knowledge of Bolt of Magma by Vehumet.
 16251 | D:14     | Reached skill level 1 in Shields
 16533 | D:14     | Reached skill level 1 in Axes
 16680 | D:14     | Reached skill level 20 in Spellcasting
 17020 | D:14     | Found a glowing golden altar of the Shining One.
 17546 | D:14     | Found a runed translucent door.
 17548 | D:14     | Noticed a stone giant
 17549 | D:14     | Noticed a fire dragon
 17549 | D:14     | Noticed a frost giant
 17827 | D:15     | Entered Level 15 of the Dungeon
 17831 | D:15     | Reached XP level 14. HP: 74/74 MP: 23/40
 18135 | D:15     | Offered knowledge of Freezing Cloud by Vehumet.
 19188 | D:15     | Found Pesk's Armour Shoppe.
 19193 | D:15     | Bought the +0 buckler "Teadus Camm" {+Blink rC+ Dex+2 SInv}
                  | for 372 gold pieces
 19349 | D:15     | Found a staircase to the Depths.
 19374 | D:15     | Paralysed by a great orb of eyes for 6 turns
 19871 | Lair:1   | Entered Level 1 of the Lair of Beasts
 22021 | Lair:3   | Reached skill level 21 in Spellcasting
 22680 | Lair:3   | Found a staircase to the Shoals.
 22715 | Lair:3   | Offered knowledge of Iron Shot by Vehumet.
 22736 | Lair:3   | Learned a level 6 spell: Iron Shot
 23139 | Lair:3   | Found a staircase to the Snake Pit.
 23772 | Lair:4   | Reached XP level 15. HP: 80/80 MP: 27/42
 24178 | Lair:4   | Reached skill level 5 in Air Magic
 25319 | Lair:5   | Found a staircase to the Slime Pits.
 25741 | Lair:6   | Entered Level 6 of the Lair of Beasts
 26605 | Lair:6   | Offered knowledge of Starburst by Vehumet.
 26619 | Lair:6   | Learned a level 6 spell: Starburst
 27580 | Lair:6   | Reached skill level 5 in Fighting
 27587 | Lair:6   | Found a burning altar of Makhleb.
 27596 | Lair:6   | Found a gateway to Hell.
 28136 | Orc:1    | Entered Level 1 of the Orcish Mines
 28332 | Orc:1    | Reached skill level 22 in Spellcasting
 28337 | Orc:1    | Found a runed translucent door.
 28338 | Orc:1    | Noticed esran's ghost (journeyman TrFi)
 28949 | Orc:2    | Entered Level 2 of the Orcish Mines
 29150 | Orc:2    | Found a staircase to the Elven Halls.
 29230 | Orc:2    | Offered knowledge of Ozocubu's Refrigeration by Vehumet.
 29562 | Orc:2    | Found a roughly hewn altar of Beogh.
 29596 | Orc:2    | Found Xyjeerytz's Armour Boutique.
 29596 | Orc:2    | Found Adutaesi's Food Emporium.
 29702 | Orc:2    | Found Cuduagie's Assorted Antiques.
 29720 | Orc:2    | Found Vux Ytte's Book Emporium.
 29749 | Orc:2    | Bought 2 scrolls of identify for 112 gold pieces
 30165 | Shoals:1 | Entered Level 1 of the Shoals
 30187 | Shoals:1 | Reached XP level 16. HP: 87/87 MP: 20/44
 30701 | Elf:1    | Entered Level 1 of the Elven Halls
 31251 | Elf:1    | Identified a scroll of acquirement
 31253 | Elf:1    | Got the +0 helmet of the Ancient Blessings {Str+5}
 31570 | Elf:1    | Reached skill level 1 in Armour
 32682 | Elf:1    | Reached ****** piety under Vehumet
 33011 | Elf:2    | Reached skill level 5 in Axes
 33157 | Elf:2    | Offered knowledge of Lehudib's Crystal Spear by Vehumet.
 33169 | Elf:2    | Learned a level 8 spell: Lehudib's Crystal Spear
 33345 | Elf:2    | Found a huge runed translucent gate.
 33345 | Elf:2    | Found a huge runed translucent gate.
 33345 | Elf:2    | Found a huge runed translucent gate.
 33345 | Elf:2    | Found a huge runed translucent gate.
 33409 | Elf:2    | Found a huge runed translucent gate.
 33886 | Elf:2    | Reached skill level 5 in Shields
 34455 | Elf:2    | Reached skill level 23 in Spellcasting
 34514 | Elf:2    | Reached XP level 17. HP: 94/94 MP: 30/46
 35197 | Elf:3    | Entered Level 3 of the Elven Halls
 35390 | Elf:3    | Killed from afar by a deep elf annihilator

Illustrated notes

Levels and vault maps discovered:
D:1:      dpeg_arrival_tiny_j, layout_loops_ring, minmay_misc_feat_rows
D:2:      layout_rooms, old_standard_altar, first_ration
D:3:      layout_basic, marbit_many_paths, nicolae_overflow_crystal_walls,
          nicolae_gozag_seed_capital, lightli_corner_chamber, uniq_sigmund,
          uniq_robin
D:4:      layout_cave_pods, yredelemnul_altar_generic, okawaru_ov_weapons_minmay
D:5:      layout_loops_cross, kennysheep_little_box, minmay_temple_entry_tees,
          solitary_fountain, uniq_pikel
D:6:      layout_basic, kennysheep_pointless_box, uniq_maggie
D:7:      layout_loops_ring, old_standard_altar, serial_park_tiny_2,
          fedhas_altar_1, uniq_crazy_yiuf_cottage
D:8:      layout_loops_ring, david_lair_generic
D:9:      layout_loops_corners, enter_bailey_3, minmay_misc_feat_chi,
          hangedman_ranch [blue_anna_fruit_fields], tgw_kikubaaqudgha
D:10:     layout_irregular_city, orc_0_dummy, minmay_misc_feat_roman,
          kennysheep_decorative_pillar, kennysheep_potato, uniq_psyche
D:11:     layout_irregular_city, st_stairs_14, lemuel_centaur_altar
D:12:     layout_irregular_city, serial_rivers, chequers_serial_rivers_small_a,
          chequers_serial_rivers_large_b, chequers_serial_rivers_micro_e,
          chequers_serial_rivers_small_a, chequers_serial_rivers_micro_e,
          chequers_serial_rivers_small_3, enter_trove_3, uniq_sonja,
          uniq_frances
D:13:     layout_loops_ring, nicolae_water_bricks
D:14:     layout_cave_pods, erik_vaults_1, serial_ice, serial_ice_e,
          serial_ice_o, serial_ice_a, serial_ice_l,
          portal_ice_cave_demonic_guard, nicolae_tso_swordbearing_angel,
          special_room [special_room_mythical_zoo], kennysheep_treasure_room
D:15:     hangedman_depths_entry_try_elsewhere_first, layout_loops_corners,
          chequers_hall_statues_corner_a, serial_shops, shop
Temple:   eino_wide_crystal_templ
Lair:1:   layout_gridlike, minmay_hedge_maze, chequers_serial_rivers_room_b,
          infiniplex_staircase_pool
Lair:2:   layout_chaotic_city
Lair:3:   layout_small_grid, minmay_shoals_entry_beasts,
          guppyfry_snake_entry_island, serial_bayou_shore_a, grunt_megastairs_3,
          minmay_lair_oklob_chamber
Lair:4:   layout_small_grid
Lair:5:   layout_misc_corridors, minmay_slime_entry_oklob_open
Lair:6:   evil_forest, layout_small_grid
Shoals:1: layout_shoals, nicolae_shoals_this_corrosion
Orc:1:    layout_caves, gammafunk_ghost_grave, mines5_lemuel
Orc:2:    st_orc_town, layout_caves, roderic_batcave
Elf:1:    eino_elf_arrival_sip, layout_onion_city, kennysheep_underground_church
Elf:2:    layout_gridlike
Elf:3:    minmay_elf_hall_dome, layout_geoelf_castle, special_room
          [special_room_orc]

Skill      XL: |  1  2  3  4  5  6  7  8  9 10 11 12 13 14 15 16 17 |
---------------+----------------------------------------------------+-----
Earth Magic    | 4 5 6 7 9 10 12 13 14 15 16 17 18 | 18.5
Spellcasting   | 4 5 7 9 11 13 15 17 19 20 21 22 23 | 23.3
Conjurations   | 1 2 3 4 5 6 7 |  7.4
Hexes          | 2 6 7 9 |  9.1
Air Magic      | 2 3 4 6 |  6.4
Fighting       | 1 3 4 5 6 |  6.5
Shields        | 2 3 4 5 |  5.6
Axes           | 1 3 4 5 |  5.6
Transmutations | 2 3 |  3.3
Armour         | 2 3 |  3.1
Dodging        | |  2.4
Stealth        | |  2.4
Fire Magic     | |  0.4
Evocations     | |  0.9

Action                   |  1- 3 |  4- 6 |  7- 9 | 10-12 | 13-15 | 16-18 || total
-------------------------+-------+-------+-------+-------+-------+-------++-------
Melee: Dagger            |    40 |    77 |       |       |       |       ||   117
       Mace              |     3 |       |       |       |       |       ||     3
       War axe           |       |       |       |     8 |   173 |    59 ||   240
 Cast: Sandblast         |    37 |    24 |    10 |    20 |    22 |     1 ||   114
       Stone Arrow       |       |    33 |    97 |   163 |   190 |       ||   483
       Lee's Rapid Decon |       |       |    34 |   141 |   262 |    45 ||   482
       Passwall          |       |       |     2 |     1 |       |       ||     3
       Lightning Bolt    |       |       |       |     7 |    30 |       ||    37
       Cause Fear        |       |       |       |     1 |     5 |     2 ||     8
       Slow              |       |       |       |     6 |    21 |       ||    27
       Statue Form       |       |       |       |     1 |    38 |    23 ||    62
       Petrify           |       |       |       |       |    17 |     3 ||    20
       Iron Shot         |       |       |       |       |    95 |   140 ||   235
       Starburst         |       |       |       |       |       |     4 ||     4
       Lehudib's Crystal |       |       |       |       |       |     4 ||     4
 Abil: Evoke Flight      |       |       |       |     5 |     3 |       ||     8
       Stop Flying       |       |       |       |     2 |     1 |       ||     3
       End Transformatio |       |       |       |     1 |    23 |    14 ||    38
  Use: Scroll            |       |     4 |     7 |    14 |    10 |    10 ||    45
       Potion            |       |       |       |     1 |     5 |    15 ||    21
 Stab: Sleeping          |     9 |     3 |       |       |     1 |     2 ||    15
  Eat: Chunk             |     2 |     8 |    16 |    23 |    44 |    13 ||   106
       Ration            |       |       |       |       |     1 |     2 ||     3
Armor: Robe              |     8 |    15 |     6 |    21 |    33 |       ||    83
       Skin              |       |       |       |     1 |   345 |   145 ||   491
       Scale mail        |       |       |       |       |       |     3 ||     3
Dodge: Dodged            |    41 |    81 |    13 |    62 |   420 |   111 ||   728
Block: Kite shield       |       |       |       |       |    29 |       ||    29
       Buckler           |       |       |       |       |   140 |    50 ||   190
